 Dungeon Crawl Stone Soup version 0.29.1-1-gd02db6906a (webtiles) character file.

Game seed: 16714789365631317743

98 RatsInWalls the Trooper (level 4, -2/50 HPs)
             Began as an Ogre Gladiator on Oct 21, 2022.
             Slain by a phantom (7 damage)
             ... on level 3 of the Dungeon.
             The game lasted 00:06:33 (2530 turns).

RatsInWalls the Trooper (Ogre Gladiator)            Turns: 2530, Time: 00:06:34

Health: -2/50      AC:  4    Str: 26    XL:     4   Next: 69%
Magic:  4/4        EV: 10    Int:  9    God:
Gold:   132        SH:  0    Dex: 16    Spells: 3/3 levels left

rFire   . . .      SeeInvis .   a - +0 flail
rCold   . . .      Faith    .   (no shield)
rNeg    . . .      Spirit   .   b - +0 robe
rPois   .          Reflect  .   c - +1 hat
rElec   .          Harm     .   (no cloak)
rCorr   .          Rampage  .   (gloves unavailable)
Will    .....                   (boots unavailable)
Stlth   +.........              (no amulet)
HPRegen 0.16/turn               n - +6 ring of strength
MPRegen 0.09/turn               g - +6 ring of dexterity

@: brilliant, invisible
A: large, unfitting armour, tough skin 1
a: no special abilities


You were on level 3 of the Dungeon.
You visited 1 branch of the dungeon, and saw 3 of its levels.

You collected 132 gold pieces.

Inventory:

Hand Weapons
 a - a +0 flail (weapon)
Missiles
 d - 2 throwing nets
 e - a large rock
 f - 8 stones (quivered)
 p - 10 poisoned darts
Armour
 b - a +0 robe (worn)
 c - a +1 hat (worn)
Jewellery
 g - a +6 ring of dexterity (right hand)
 n - a +6 ring of strength (left hand)
Wands
 o - a wand of digging (4)
 r - a wand of flame (19)
 s - a wand of charming (11)
Scrolls
 h - 3 scrolls of identify {unknown}
 j - 2 scrolls of teleportation {unknown}


   Skills:
 + Level 5.2 Fighting
 * Level 3.6 Maces & Flails
 - Level 2.0 Throwing
 - Level 2.6 Dodging


You had 3 spell levels left.
You didn't know any spells.
Your spell library contained the following spells:

 Spells                   Type           Power      Damage    Failure   Level
 Blink                    Tloc           0%         N/A       52%         2
 Ignite Poison            Fire/Tmut/Pois 0%         N/A       77%         3
 Mephitic Cloud           Conj/Pois/Air  0%         N/A       77%         3
 Freezing Cloud           Conj/Ice/Air   0%         6-21      100%        5
 Manifold Assault         Tloc           0%         N/A       100%        5
 Storm Form               Tmut/Air       0%         N/A       100%        7


Dungeon Overview and Level Annotations

Branches:
Dungeon (3/15)

Altars:
Trog

Shops:
D:2 *   D:3 (


Innate Abilities, Weirdness & Mutations

You are too large for most types of armour.
You have tough skin. (AC +1)


Message History

The phantom hits you.
You barely miss the phantom.
The phantom is severely damaged.
The phantom hits you.
The phantom blinks!
You blink.
You barely miss the phantom.
The phantom is severely damaged.
The phantom barely misses you. The phantom hits you.
You barely miss the phantom.
The phantom is severely damaged.
The phantom barely misses you.
You hit the phantom.
The phantom is severely damaged.
The phantom hits you.
* * * LOW HITPOINT WARNING * * *
The phantom blinks!
You blink.
You hit the phantom but do no damage.
The phantom is severely damaged.
The phantom hits you.
* * * LOW HITPOINT WARNING * * *
It was a potion of brilliance.
You feel clever all of a sudden. The phantom hits you.
* * * LOW HITPOINT WARNING * * *
Unknown command.
It was a potion of invisibility.
You fade into invisibility!
The phantom barely misses you.
As you read the scroll labelled TATODA EQILIL, it crumbles to dust.
You feel aware of your surroundings.
It was a scroll of magic mapping.
The phantom barely misses you.
As you read the scroll labelled FABRYPT IBBO, it crumbles to dust.
It is a scroll of amnesia.
You feel forgetful for a moment. The phantom hits you.
* * * LOW HITPOINT WARNING * * *
You see here a +0 spear.
Okay, then.
As you read the scroll labelled MEUZUU FECH, it crumbles to dust.
It is a scroll of enchant armour.
Your +0 hat glows green for a moment.
The phantom hits you!
You die...

##.'..>..∩..'.# ***
*######..##########.#
,,*****................#..#######
~,,~,,,..........................
,,~,***.########.#..##.#.###....#
~~,,* #.# #.#.)##.#.##..##.#
≈~~~* #.# #.#..##.#.##.###.#
~~~,* #.# #.#..##.#....# #.#
≈~~.# #.# #@#..##.#..### #.#
~≈.~# #.# #W#..<#.#..# #.#
~~..###.# #.#.###.#..# #.#
≈~...##.# #.#........# #.#
≈~...##.# #.#####....# #.#
~≈~~.##.#### #.......#.## #.#
.~~..##.##.##########.#########.#
...~.##.........................#
.###.#................###########


You could see a phantom (unable to see you).

Vanquished Creatures
  An orc wizard (D:3)
  5 dart slugs
  3 orcs (D:3)
  5 endoplasms
  2 giant cockroaches (D:2)
  5 hobgoblins
  7 jackals
  2 quokkas
  5 ball pythons
  3 bats
  4 frilled lizards
  5 goblins
  4 kobolds
  3 rats
54 creatures vanquished.

Vanquished Creatures (others)
  3 plants (D:1)
3 creatures vanquished.

Grand Total: 57 creatures vanquished

Notes
Turn   | Place    | Note
-------+----------+-------------------------------------------
     0 | D:1      | RatsInWalls the Ogre Gladiator began the quest for the Orb.
     0 | D:1      | Reached XP level 1. HP: 22/22 MP: 1/1
   119 | D:1      | Reached skill level 3 in Fighting
   154 | D:1      | Reached XP level 2. HP: 8/31 MP: 2/2
   544 | D:1      | Reached skill level 4 in Fighting
   547 | D:1      | Reached XP level 3. HP: 38/39 MP: 3/3
   968 | D:2      | Found Mubimneu's General Store.
  1423 | D:2      | Found a bloodstained altar of Trog.
  1779 | D:3      | Found Noturumnaa's Weapon Shop.
  1900 | D:3      | Reached XP level 4. HP: 44/49 MP: 4/4
  1940 | D:3      | Noticed a phantom
  2094 | D:3      | Reached skill level 5 in Fighting
  2317 | D:3      | Found a faded altar of an unknown god.
  2530 | D:3      | Slain by a phantom

Illustrated notes

Levels and vault maps discovered:
D:1:      erik_arrival_orb_chamber, layout_basic, serial_bayou_crossing
D:2:      layout_loops_ring, basic_altar, serial_shops, nicolae_shop_stone,
          st_stairs_4
D:3:      layout_basic, serial_shops, nicolae_shop_hallway_stairs,
          chequers_ecumenical_altar_island, minmay_checkerbox

Skill      XL: |  1  2  3  4 |
---------------+-------------+-----
Fighting       | 3 4 5 |  5.2
Maces & Flails | 3 |  3.6
Throwing       | |  2.0
Dodging        | |  2.6

Action                   |  1- 3 |  4- 6 || total
-------------------------+-------+-------++-------
Melee: Flail             |   122 |    42 ||   164
Throw: Throwing net      |     1 |       ||     1
  Use: Scroll            |     2 |     3 ||     5
       Potion            |       |     2 ||     2
 Stab: Sleeping          |     1 |       ||     1
Armor: Robe              |    49 |     5 ||    54
Dodge: Dodged            |    69 |    15 ||    84
